 Seeded DCSS version 0.30-a0-920-g7493c07aab (webtiles) character file.

Game seed: 3125986916090331667 (custom seed)

25 Parcival the Shield-Bearer (level 2, 27/27 HPs)
             Began as a Minotaur Fighter on Mar 21, 2023.
             Quit the game on level 1 of the Dungeon.
             The game lasted 00:01:57 (569 turns).

Parcival the Shield-Bearer (Minotaur Fighter)        Turns: 569, Time: 00:01:58

Health: 27/27      AC:  7    Str: 20    XL:     2   Next: 82%
Magic:  1/1        EV:  9    Int:  5    God:
Gold:   43         SH:  4    Dex:  9    Spells: 1/1 levels left

rFire   . . .      SeeInvis .    a - +0 war axe
rCold   . . .      Faith    .    c - +0 buckler
rNeg    . . .      Spirit   .    b - +0 scale mail
rPois   .          Reflect  .    (helmet restricted)
rElec   .          Rampage  .    (no cloak)
rCorr   .                        (no gloves)
Will    .....                    (no boots) Stlth
                                 (no amulet)
HPRegen 0.24/turn                (no ring)
MPRegen 0.07/turn                (no ring)

@: no status effects
A: horns 2, retaliatory headbutt
a: no special abilities


You were on level 1 of the Dungeon.
You visited 1 branch of the dungeon, and saw 1 of its levels.

You collected 43 gold pieces.

Inventory:

Hand Weapons
 a - a +0 war axe (weapon)
Armour
 b - a +0 scale mail (worn)
 c - a +0 buckler (worn)
Jewellery
 f - an amulet of magic regeneration
 g - a +6 ring of strength
Scrolls
 e - a scroll of acquirement
Potions
 d - a potion of might
 h - a potion of heal wounds {unknown}


   Skills:
 + Level 4.0 Fighting
 + Level 2.9 Axes
 + Level 4.0 Armour
 + Level 4.0 Shields


You had one spell level left.
You didn't know any spells.
Your spell library was empty.

Dungeon Overview and Level Annotations

Branches:
Dungeon (1/15)

Altars:


Innate Abilities, Weirdness & Mutations

You have a pair of horns on your head.
You reflexively headbutt those who attack you in melee.


Message History

g - a +6 ring of strength
Found a robe.
You now have 43 gold pieces (gained 9).
A bat comes into view.
The bat barely misses you.
A bat is nearby!
You slash the bat!
You kill the bat!
You see here a bat corpse.
A ball python comes into view.
The ball python hisses angrily.
A ball python is nearby!
A ball python is nearby!
Found 7 stones.
You barely miss the ball python. Your headbutt misses the ball python.
You block the ball python's attack. The ball python grabs you.
The ball python constricts you.
The ball python bites you but does no damage.
The ball python constricts you.
You hit the ball python.
You kill the ball python!
Found a bubbling ruby potion.
You see here a ball python corpse.
Really walk into that dispersal trap? [Y]es or [N]o only, please.
Really walk into that dispersal trap? [Y]es or [N]o only, please.
Really walk into that dispersal trap? [Y]es or [N]o only, please.
Really walk into that dispersal trap?
Okay, then.
You see here 7 stones.
h - a bubbling ruby potion A bat comes into view.
Found a scroll labelled WET RICICU.
You block the bat's attack.
A bat is nearby!
You closely miss the bat. The bat hits you but does no damage.
The bat closely misses you.
This is a scroll of acquirement!
Are you sure you want to abandon this character and quit the game? (Confirm with "yes".)

#.....^(# #.####..#
#.......# . #. ###..#
#.#.###.###. # #....#
#.......##.. # #.##.#
###.######.# #.##.##.#
#.##.. ..# #.......# #####
#.##.# #.# ####.#### ....#
#.##.###.#####.. #.##..
###.#
#.......@.b.....####.....
###.#
####.###.....#........#..
.##.# #......?.....#####....
.##.# ####.###+###. #.#..
.##.# ?##~~.~~## #.#.. ....#
.##~..P..~##.# #....
.#.###### #.#b.Pb8.P.~#.#
##.#. ........#
##.#~...♣...~#.## #.#.
##.####.####..+.P.b)..P.+..#
#.#.


You could see a bat.

Vanquished Creatures
  A gnoll (D:1)
  3 endoplasms (D:1)
  A hobgoblin (D:1)
  3 kobolds (D:1)
  2 ball pythons (D:1)
  A bat (D:1)
  3 goblins (D:1)
  2 rats (D:1)
16 creatures vanquished.

Notes
Turn   | Place    | Note
-------+----------+-------------------------------------------
     0 | D:1      | Parcival the Minotaur Fighter began the quest for the Orb.
     0 | D:1      | Reached XP level 1. HP: 19/19 MP: 0/0
   179 | D:1      | Reached XP level 2. HP: 22/27 MP: 1/1
   569 | D:1      | Identified a scroll of acquirement
   569 | D:1      | Quit the game

Illustrated notes

Levels and vault maps discovered:
D:1:      amcnicky_arrival_single_pillar, layout_loops_cross,
          hangedman_glass_garden

Skill      XL: |  1  2 |
---------------+-------+-----
Fighting       | 4 |  4.0
Armour         | 4 |  4.0
Shields        | 4 |  4.0
Axes           | |  2.9

Action                     || total
---------------------------++-------
  Melee: War axe           ||    34
         Headbutt          ||     6
 Armour: Scale mail        ||    14
  Dodge: Dodged            ||    16
  Block: Buckler           ||     5

Table legend: (Time is in decaauts)
 A = Elapsed time spent in this place.
 B = Non-inter-level travel time spent in this place.
 C = Inter-level travel time spent in this place.
 D = Time resting spent in this place.
 E = Time spent auto-exploring this place.
 F = Levels seen in this place.
 G = Mean time per level.
                   A        B        C        D        E       F      G
               +--------+--------+--------+--------+--------+-----+--------+
         Total |    582 |    582 |      0 |      0 |    444 |   1 |  582.0 |
       Dungeon |    582 |    582 |      0 |      0 |    444 |   1 |  582.0 |
               +--------+--------+--------+--------+--------+-----+--------+

Top non-repeatable levels by time:
     D:1: 582 daAuts
